 Dungeon Crawl Stone Soup version 0.24-a0-307-gf989941d98 (webtiles) character file.

Game seed: 17818720092714043532

60 D1HalberdGnoll the Skirmisher (level 3, -13/33 HPs)
             Began as a Draconian Abyssal Knight on May 12, 2019.
             Was a Follower of Lugonu.
             Mangled by Sigmund
             ... wielding a +0 scythe
              (15 damage)
             ... on level 2 of the Dungeon.
             The game lasted 00:01:27 (1396 turns).

D1HalberdGnoll the Skirmisher (DrAK)                Turns: 1396, Time: 00:01:28

Health: -13/33     AC:  5    Str: 14    XL:     3   Next: 80%
Magic:  4/4        EV: 12    Int: 12    God:    Lugonu [*.....]
Gold:   62         SH:  0    Dex: 11    Spells: 2/2 levels left

rFire    . . .     SeeInvis .   a - +1 falchion
rCold    . . .     Gourm    .   (no shield)
rNeg     . . .     Faith    .   (armour unavailable)
rPois    .         Spirit   .   (helmet restricted)
rElec    .         Reflect  .   (no cloak)
rCorr    .         Harm     .   (no gloves)
MR       .....                  (no boots)
Stlth    +.........             (no amulet)
HPRegen  0.11/turn              (no ring)
MPRegen  0.09/turn              (no ring)

@: confused
A: unfitting armour, cold-blooded, AC +5
a: Depart the Abyss, Renounce Religion


You were on level 2 of the Dungeon.
You worshipped Lugonu.
Lugonu was aware of your devotion.
You were not hungry.

You visited 1 branch of the dungeon, and saw 2 of its levels.
You visited the Abyss 1 time.

You collected 62 gold pieces.

Inventory:

Hand Weapons
 a - a +1 falchion (weapon)
Missiles
 i - a poisoned dart (quivered)
Jewellery
 g - an uncursed amulet of faith {unknown}
 h - a +3 ring of dexterity {unknown}
Scrolls
 c - a scroll of remove curse {unknown}
 e - a scroll of immolation {unknown}
 f - 3 scrolls of identify {unknown}
Comestibles
 b - a ration
 j - a chunk of flesh


   Skills:
 + Level 3.8 Fighting
 * Level 3.0 Long Blades
 + Level 2.5 Dodging
 + Level 2.6 Invocations


You had 2 spell levels left.
You didn't know any spells.
Your spell library was empty.

Dungeon Overview and Level Annotations

Branches:
Dungeon (2/15)

Altars:
Yredelemnul

Annotations:
D:2 1 transporter, Menkaure, Sigmund


Innate Abilities, Weirdness & Mutations

Your plain brown scales are hard. (AC +5)
You cannot fit into any form of body armour.
You are cold-blooded and may be slowed by cold attacks.


Message History

Really target yourself?
Okay, then.
Throwing (i - inventory)
i - 2 poisoned darts (quivered)
Press: ? - help, Shift-Dir - straight line You throw a poisoned dart.
You hear some strange, mumbled words.
You are confused.
You bump into the rock wall.
Menkaure's bandages flutter.
You hear some strange, mumbled words.
A magic dart appears from out of thin air!
The magic dart hits you.
* * * LOW HITPOINT WARNING * * *
You completely miss something.
You hear some strange, mumbled words.
A magic dart appears from out of thin air!
The magic dart hits you.
* * * LOW HITPOINT WARNING * * *
You bump into the rock wall.
Something hits you!
You die...

.# #.# #.# #####.####
###........#
....###.##.## ####
....÷...##.. .(#
###.##..##.# #{#
###.##...#.#####@#####
....#..........."....#
###....#############.#
# #..#.#...?.ZZZWM.#.#
###.#..#)..........#.#
....##.#$.###.###..#.#
### #.#_.# #.# ..#.#
#..#!.. ... ..#..#
..©#⌠....©.Z ..#©..


You could see a phantom, Menkaure, a bat zombie, an adder skeleton and a quokka
skeleton.

Vanquished Creatures
  2 adders (D:2)
  A worm (D:2)
  A dart slug (D:2)
  2 leopard geckos
  A giant cockroach (D:2)
  6 goblins
  7 hobgoblins
  A kobold (D:1)
  A quokka (D:2)
  A ball python (D:1)
  4 bats
  4 frilled lizards (D:1)
  2 rats
33 creatures vanquished.

Notes
Turn   | Place    | Note
-------+----------+-------------------------------------------
     0 | Abyss:1  | D1HalberdGnoll the Draconian Abyssal Knight began the quest
                  | for the Orb.
     0 | Abyss:1  | Reached XP level 1. HP: 19/19 MP: 2/2
    63 | Abyss:1  | Noticed a sixfirhy
    64 | D:1      | Escaped the Abyss
    68 | D:1      | Reached * piety under Lugonu
   232 | D:1      | Reached XP level 2. HP: 22/26 MP: 3/3
   971 | D:2      | Reached XP level 3. HP: 31/31 MP: 4/4
  1365 | D:2      | Noticed a phantom
  1366 | D:2      | Found a basalt altar of Yredelemnul.
  1369 | D:2      | Noticed Menkaure
  1373 | D:2      | Found a transporter.
  1376 | D:2      | Noticed Sigmund
  1395 | D:2      | HP: 1/33 [something/magic dart (6)]
  1396 | D:2      | Mangled by Sigmund

Levels and vault maps discovered:
D:1:      dpeg_arrival_long_road, layout_basic
D:2:      layout_loops_corners, gammafunk_temple_of_torment, uniq_sigmund

Skill      XL: |  1  2  3 |
---------------+----------+-----
Long Blades    | 3 |  3.0
Fighting       | |  3.8
Dodging        | |  2.5
Invocations    | |  2.6

Action                   || total
-------------------------++-------
Melee: Falchion          ||    89
       Tailslap          ||    12
Throw: Dart              ||    11
Invok: Depart the Abyss  ||     1
  Use: Potion            ||     1
 Stab: Sleeping          ||     1
  Eat: Chunk             ||     2
Armor: Skin              ||    24
Dodge: Dodged            ||    52
       Rpst.: Falchion   ||    16

Table legend:
 A = Non-vault XP
 B = Vault XP
 C = Vault XP percentage of total XP
 D = Non-vault monster count
 E = Vault monster count
 F = Vault count percentage of total count
                 A         B        C        D         E       F
            +---------+---------+-------+---------+---------+-------
      Total |      86 |       0 |   0.0 |      33 |       0 |   0.0
            +---------+---------+-------+---------+---------+-------
        D:1 |      34 |       0 |   0.0 |      21 |       0 |   0.0
        D:2 |      52 |       0 |   0.0 |      12 |       0 |   0.0
            +---------+---------+-------+---------+---------+-------
